Map: Aire du défenseur EC

Players

Mindkeeper - Winner!

  • Race: Zerg Zerg
  • League: Platinum
  • Spawn Location: 1:00

DannyDemon

  • Race: Zerg Zerg
  • League: Diamond
  • Spawn Location: 7:00

VOD

Have the link to the VOD?

Description

Time

  • Played on: May 25, 2017, 2:36 p.m.
  • Length: 14:08
Show
View Real Time Build Order
Export as new Build Order

Mindkeeper Zerg - Winner!

Build Orders: Hatch First 

Get SALT Encoding   

  12  0:01  Drone  
  13  0:12  Drone  
  14  0:18  Overlord  
  14  0:25  Extractor  
  14  0:26  Drone, Extractor  
  13  0:31  Drone  
  16  0:36  Drone  
  17  0:55  Hatchery  
  16  0:59  Drone  
  17  1:13  Spawning Pool  
  17  1:16  Drone  
  17  1:18  Extractor  
  16  1:21  Drone  
  17  1:26  Drone  
  17  1:31  Drone  
  19  1:38  Drone  
  20  1:50  Overlord  
  20  2:02  Queen  
  20  2:07  Roach Warren  
  21  2:10  Drone x2  
  23  2:17  Queen  
  25  2:24  Metabolic Boost  
  25  2:35  Spine Crawler  
  23  2:47  Zergling x2  
  23  2:50  Roach  
  26  2:53  Roach x2  
  26  2:54  Zergling x2  
  31  3:18  Roach x2  
  35  3:32  Overlord x2  
  35  3:35  Drone  
  36  3:57  Queen  
  36  3:59  Drone x6  
  44  4:20  Roach x2  
  48  4:31  Roach x2  
  48  4:33  Overlord x4  
  52  4:52  Drone x2  
  54  5:02  Drone  
  54  5:03  Drone  
  56  5:10  Lair  
  56  5:12  Hatchery, Evolution Chamber  
  56  5:13  Drone x2, Extractor, Evolution Chamber  
  54  5:16  Drone  
  55  5:22  Drone  
  55  5:28  Drone x3  
  58  5:29  Drone  
  58  5:30  Drone  
  61  5:50  Roach x3  
  61  5:52  Drone, Extractor  
  61  5:53  Extractor  
  61  5:56  Zerg Missile Weapons Level 1  
  65  6:07  Drone  
  65  6:09  Drone  
  65  6:10  Drone x2  
  69  6:14  Drone x2  
  69  6:18  Overlord  
  71  6:19  Zerg Ground Armor Level 1  
  71  6:21  Drone x2  
  73  6:28  Pneumatized Carapace  
  73  6:32  Queen x2  
  77  6:34  Drone x3  
  77  6:39  Overlord x2  
  80  6:44  Drone  
  81  6:58  Drone x2  
  81  6:59  Drone x5, Extractor  
  87  7:03  Drone, Glial Reconstitution  
  87  7:04  Extractor  
  87  7:11  Hydralisk Den  
  87  7:13  Infestation Pit  
  85  7:23  Drone  
  85  7:24  Drone x8  
  94  7:31  Drone  
  94  7:32  Drone x2  
  94  7:34  Overlord  
  94  7:36  Overlord  
  97  7:38  Overlord  
  97  7:57  Roach x2  
  97  7:58  Roach x2, Hydralisk x4  
  105  8:01  Zerg Missile Weapons Level 2  
  105  8:05  Lurker Den  
  113  8:08  Drone x2  
  113  8:10  Drone  
  116  8:22  Hatchery  
  115  8:33  Roach  
  115  8:34  Roach x4  
  100  8:49  Overseer x3  
  100  8:51  Drone  
  100  8:52  Roach  
  100  8:53  Roach x8  
  100  8:54  Roach x3  
  115  9:31  Drone x2  
  115  9:32  Drone x5  
  115  9:36  Overlord x5  
  115  9:37  Extractor  
  121  9:46  Zerg Ground Armor Level 2  
  121  9:48  Hive  
  121  9:51  Hydralisk x3  
  126  10:37  Drone  
  126  10:38  Drone x11  
  138  10:44  Hydralisk x7, Extractor  
  138  10:45  Hydralisk x7  
  138  10:46  Hydralisk  
  138  10:48  Overlord x3  
  145  11:24  Roach  
  145  11:25  Roach x19  
  182  11:30  Drone  
  183  11:41  Spine Crawler  
  183  11:42  Drone x2, Spine Crawler  
  183  11:43  Drone x3  
  183  11:45  Drone  
  187  11:47  Drone x2  
  157  12:36  Roach x6  
  157  12:37  Roach x4  
  155  12:41  Roach x13  
  155  12:42  Roach  
  171  12:48  Hydralisk Den, Overlord x4, Ultralisk Cavern  
  161  13:23  Hydralisk x7  
  161  13:24  Hydralisk x5  
  185  13:27  Queen x2  
  189  13:49  Hatchery  
Show
View Real Time Build Order
Export as new Build Order

DannyDemon Zerg 

Build Orders: Pool First 

Get SALT Encoding   

  12  0:01  Drone  
  13  0:13  Overlord  
  13  0:17  Drone  
  14  0:31  Drone x2  
  14  0:34  Drone  
  17  0:46  Extractor  
  16  0:50  Drone, Spawning Pool  
  16  0:56  Drone  
  17  1:07  Drone  
  18  1:17  Drone  
  19  1:29  Overlord  
  19  1:36  Queen  
  19  1:39  Zergling x2  
  22  1:45  Metabolic Boost  
  22  1:54  Hatchery  
  22  1:57  Drone  
  22  2:02  Drone  
  22  2:08  Baneling Nest  
  22  2:11  Drone  
  23  2:20  Queen  
  25  2:32  Zergling x2  
  25  2:34  Zergling x2  
  26  2:54  Roach Warren  
  26  2:55  Drone x3, Extractor  
  26  2:58  Queen  
  27  3:04  Baneling  
  29  3:09  Drone x2  
  31  3:22  Overlord  
  31  3:33  Roach  
  31  3:34  Roach  
  37  3:41  Roach x3  
  37  3:42  Roach  
  43  3:54  Evolution Chamber  
  42  4:15  Overlord x2  
  42  4:17  Queen  
  42  4:23  Lair  
  44  4:26  Zerg Missile Weapons Level 1  
  44  4:35  Drone x3  
  46  4:49  Drone x4  
  46  4:50  Drone  
  46  4:51  Drone  
  52  4:53  Queen  
  52  4:56  Overlord  
  54  5:01  Extractor  
  54  5:03  Extractor  
  54  5:06  Drone x3  
  55  5:25  Drone  
  55  5:26  Drone  
  57  5:34  Hatchery  
  56  5:40  Roach x6  
  68  5:56  Overlord x2  
  67  6:10  Evolution Chamber  
  66  6:16  Roach x5  
  66  6:17  Roach x2  
  80  6:42  Roach  
  80  6:43  Overlord x2  
  80  6:45  Queen  
  80  6:46  Drone x2  
  80  6:47  Drone  
  87  6:51  Pneumatized Carapace  
  87  6:56  Zerg Ground Armor Level 1  
  87  7:06  Spire  
  86  7:08  Spore Crawler  
  86  7:10  Spore Crawler  
  86  7:12  Spore Crawler  
  86  7:13  Drone  
  84  7:25  Nydus Network  
  84  7:29  Drone  
  84  7:30  Drone x2  
  84  7:33  Drone  
  84  7:35  Drone  
  88  7:55  Roach x4, Zergling x2  
  97  8:00  Zerg Missile Weapons Level 2  
  97  8:09  Nydus Canal  
  97  8:15  Overlord x2  
  97  8:18  Overlord  
  56  8:56  Roach x4  
  60  9:04  Zergling x22  
  60  9:06  Centrifical Hooks  
  71  9:11  Roach x2  
  71  9:15  Drone  
  76  9:26  Baneling x3  
  76  9:27  Baneling x3  
  76  9:36  Drone x5  
  81  9:39  Baneling x3  
  81  9:48  Drone x3  
  81  9:51  Extractor  
  83  9:54  Extractor  
  83  9:57  Drone x3  
  85  10:08  Roach, Zergling x4  
  85  10:09  Roach, Zergling x2  
  92  10:15  Queen  
  91  10:31  Hydralisk Den  
  90  10:37  Nydus Canal  
  90  10:41  Roach, Zergling x4  
  90  10:42  Roach x3, Zergling x8  
  104  10:47  Roach, Zergling x4  
  104  11:08  Hydralisk x4  
  104  11:09  Roach x3  
  85  11:27  Hydralisk x3  
  85  11:28  Hydralisk, Roach x3  
  99  11:33  Zerg Melee Weapons Level 1  
  99  11:37  Zergling x6  
  99  11:38  Zergling x2  
  99  11:39  Baneling x2  
  103  11:44  Zergling x6  
  103  11:46  Baneling  
  103  11:47  Baneling  
  106  11:51  Zergling x2  
  107  11:56  Zergling x4  
  107  11:58  Baneling x3  
  109  12:04  Hydralisk  
  109  12:05  Hydralisk, Zergling x2  
  114  12:09  Lurker Den  
  114  12:10  Unknown x2  
  114  12:11  Unknown  
  114  12:12  Unknown  
  114  12:26  Hydralisk x3  
  114  12:27  Hydralisk, Zergling x6  
  112  12:35  Hydralisk x2, Zergling x4  
  101  12:47  Nydus Canal  
  101  12:51  Drone x2  
  103  12:52  Hydralisk  
  103  12:53  Unknown x3, Zergling x4  
  103  12:54  Unknown  
  76  13:21  Roach x8  
  92  13:27  Roach  
  94  13:45  Roach  
  94  13:46  Roach x4  
Tags
 
Add a new tag
Caveats
  • Supply blocks, unpowered buildings, or Contaminate may cause inaccurate times.
  • Supply counts are checked every 10 seconds.